cohdb
Replays
Latest Replays
All Replays
Popular Replays
Top Player Replays
Match Explorer
How It Works
Community
CoH3 Stats
Reddit
Sign in to upload your games and track your stats! →
Sign in with Steam
Match 43893190
Unlisted
Match 43893190
Overview
Messages
Build Orders
End
Kettenkrad Recon Vehicle
Construct Infanterie Kompanie
Grenadier Squad
MG 42 Machine Gun Team
GrW 34 Mortar Team
Grenadier Squad
Construct Luftwaffe Kompanie
Selects Terror Battlegroup
Selects Heavy Gunnery
221 Scout Car
Forward Retreat Point
Jäger Squad
Support Elements
Medical Bunker
Marder III M Tank Destroyer
Wirbelwind Flakpanzer
Luftwaffe Officer Quarters
Selects Defend the Fatherland
Marder III M Tank Destroyer
Jäger Squad
Construct Panzer Kompanie
Stoßtruppen Squad
Selects King Tiger Heavy Tank
King Tiger Heavy Tank
Medical Bunker
Selects Contempt for the Weak
Panzer IV Medium Tank
Panzer Officer Quarters
Pioneer Squad
Selects Propaganda Leaflet Drop
Propaganda Leaflet Drop
CDI
DIVARTY
Girth_Quake69
1125167357
竹子林
pongcom2522
chrisschulz89
Chiipoclud0
0
0
Comments
sign in to comment!
No comments posted yet!